Match 46083620
Unlisted

Match 46083620
End
Royal Engineer Section
Construct Section Command Post
Selects Heavy Armor Battlegroup
Vickers Machine Gun Team
Infantry Section
Construct Field Infirmary
Infantry Section
Construct Platoon Command Post
Unlock Bishop Self-propelled Artillery
ML 3-inch Mortar Team
Bishop Self-propelled Artillery
Bishop Self-propelled Artillery
Selects Rigorous Vehicle Training
Selects Forward Repair Assembly
Bishop Self-propelled Artillery
Grenade Package
6-pounder Anti-tank Gun Team
Selects Light Vehicle Withdraw and Refit
Selects Radio Net
Royal Engineer Section
Selects Recon Artillery
Recon Artillery
Construct Company Command Post
Foot Guards Section
Unlock M3 Grant Medium Tanks
Recon Artillery
M3 Grant Medium Tank
Henk
water
Boat Goes Binted
Hirys it's Irys
Arnie
Maniax
UGA
JUBA
0
0

Comments sign in to comment!

No comments posted yet!